Cogmind - Beta 13 X2 @@@ ROGUE MODE // 2023.12.22 @ 16:47:01 Player: alice_fexa Result: Destroyed by WH-ST6(R) with Subdweller Beam Cannon Performance ------------- Evolutions (0) 0 Regions Visited (3) 600 Robots Destroyed (16) 80 Value Destroyed (448) 448 Prototype IDs (0) 0 Alien Tech Used (0) 0 Bonus (21) 21 TOTAL SCORE: 1149 Bonus ------- Follower Combat Kills 21 Cogmind --------- Core Integrity 0/250 Matter 104/300 Energy 246/250 System Corruption 1% Temperature Cool (9) Movement Rolling (110) Ox2 Location -10/Subcaves Parts ------- > --- POWER (1) -------- Ion Engine > --- PROPULSION (2) --- Wheel Subdweller Monowheel > --- UTILITY (2) ------ Scrap Shield > --- WEAPON (2) ------- Subdweller Machine Gun Battle Cannon > --- INVENTORY (5) ---- Light Deuterium Engine Subdweller Monowheel Subdweller Machine Gun Peak State ------------ > --- POWER ------------ Ion Engine > --- PROPULSION ------- Light Treads Light Treads > --- UTILITY ---------- Improved Heat Sink Large Storage Unit > --- WEAPON ----------- Particle Gun Makeshift Sword > --- INVENTORY -------- Ion Engine Ion Engine Ion Engine Wheel Heat Sink Heat Sink Structural Scanner Sensor Array Terrain Scanner Medium Laser Medium Laser Particle Gun Beam Cannon Light Assault Rifle Light Cannon [Rating: 14] Favorites ----------- Power Ion Engine Engine Ion Engine Propulsion Light Treads Treads Light Treads Wheel Wheel Utility Large Storage Unit Device Heat Sink Storage Large Storage Unit Protection Scrap Shield Weapon Light Assault Rifle Energy Gun Particle Gun Ballistic Gun Light Assault Rifle Ballistic Cannon Battle Cannon Slashing Weapon Makeshift Sword Build | -11 -10 -10 -10 ------- Run | Yrd Mat Min Sub Slots Evolved . | . . . . Power . | . . . . Propulsion . | . . . . Utility . | . . . . Weapon . | . . . . Parts Attached 30 | 6 4 10 10 Power 6 | 1 1 3 1 Engine 6 | 1 1 3 1 Core . | . . . . Reactor . | . . . . Propulsion 6 | 2 . 1 3 Treads 2 | 1 . 1 . Leg . | . . . . Wheel 4 | 1 . . 3 Hover . | . . . . Flight . | . . . . Utility 7 | 1 2 2 2 Device 4 | . 1 2 1 Storage 2 | 1 1 . . Processor . | . . . . Hackware . | . . . . Protection 1 | . . . 1 Artifact . | . . . . Weapon 11 | 2 1 4 4 Energy Gun 4 | 1 1 2 . Energy Cannon . | . . . . Ballistic Gun 5 | 1 . 1 3 Ballistic Cannon 1 | . . . 1 Launcher . | . . . . Special Weapon . | . . . . Impact Weapon . | . . . . Slashing Weapon 1 | . . 1 . Piercing Weapon . | . . . . Special Melee Weapon . | . . . . Unidentified Prototypes . | . . . . Parts Lost 4 | . . 2 2 Power . | . . . . Propulsion 3 | . . 1 2 Utility 1 | . . 1 . Weapon . | . . . . Highest Loss Streak 2 | . . 2 1 To Critical Strikes . | . . . . Average Slot Usage (%) 94 | . 97 98 88 Engine 14 | . 14 14 14 Treads 14 | . 14 22 4 Wheel 13 | . 14 4 23 Device 9 | . 11 12 4 Storage 10 | . 14 14 4 Protection 3 | . . . 9 Energy Gun 9 | . 14 14 . Ballistic Gun 17 | . 14 13 24 Naked Turns . | . . . . Heaviest Build 34 | 13 30 31 34 Greatest Support 40 | 20 10 40 40 Greatest Overweight (x) 3 | 1 2 2 3 Average Overweight (x) 1 | . 1 . 1 Largest Inventory Capacity 15 | 8 15 15 15 Average Capacity 11 | 7 13 15 7 Most Carried 15 | 4 15 15 15 Average Carried 11 | 2 11 14 7 Final Capacity 15 | 8 15 15 5 Final Carried 15 | 4 15 15 3 Class Distribution -------------------- 65% | Mutant 34% | Subdweller-Mutant Dominant Class ---------------- Mutant | -10/Materials Mutant | -10/Mines Subdweller-Mutant | -10/Subcaves Resources | -11 -10 -10 -10 ----------- Run | Yrd Mat Min Sub Matter Collected 620 | 213 111 150 146 Remotely . | . . . . Salvage Created 601 | . 294 78 229 Parts 35 | . 19 . 16 Haulers Intercepted . | . . . . Recyclers Shooed . | . . . . Parts Field Recycled . | . . . . Retrieved Matter . | . . . . Parts Self-Destructed 5 | . . . 5 Prevented . | . . . . Kills | -11 -10 -10 -10 ------- Run | Yrd Mat Min Sub Combat Hostiles Destroyed 20 | . 6 6 8 Guns 18 | . 6 6 6 Cannons 2 | . . . 2 Classes Destroyed 6 | . 3 1 2 Builder 1 | . 1 . . Watcher 1 | . 1 . . Swarmer 4 | . . . 4 Grunt 6 | . 6 . . Subdweller 4 | . . . 4 Assembled 6 | . . 6 . Best Kill Streak 3 | . 3 2 3 Combat Bots Only 3 | . 3 2 3 Max Kills in Single Turn 1 | . 1 1 1 Gunslinging . | . . . . Exploded . | . . . . Melee . | . . . . Uniques/NPCs Destroyed . | . . . . Combat | -11 -10 -10 -10 -------- Run | Yrd Mat Min Sub Hostile Shots Fired 119 | . 20 25 74 Missed 34 | . 7 7 20 Damage Taken 1305 | . 150 327 828 Core 265 | . 21 108 136 Absorbed by Shields . | . . . . Core Remaining (%) 100 | 100 . . . Volleys Fired 140 | . 24 32 84 Largest 2 | . 2 2 2 Hottest 85 | . 70 85 85 Shots Fired 223 | . 48 58 117 Gun 208 | . 48 58 102 Cannon 15 | . . . 15 Launcher . | . . . . Special . | . . . . Kinetic 158 | . 24 29 105 Thermal 65 | . 24 29 12 Explosive . | . . . . Electromagnetic . | . . . . Robot Hit Streak 23 | . 7 7 23 Robot Miss Streak 5 | . 2 5 5 Penetration Max . | . . . . Secondary Targets 2 | . . 1 1 Max Gunslinging Chain 1 | . . 1 1 Shots Hit Robots 107 | . 31 29 47 Core Hits 43 | . 18 11 14 Critical Kills . | . . . . Critical Parts Destroyed . | . . . . Critical Strikes 7 | . 5 2 . Burn 7 | . 5 2 . Melee Attacks . | . . . . Impact . | . . . . Slashing . | . . . . Piercing . | . . . . Sneak Attacks . | . . . . Combat Hostiles . | . . . . Follow-up Attacks . | . . . . Damage Inflicted 1289 | . 336 328 625 Guns 1168 | . 336 328 504 Cannons 121 | . . . 121 Explosions . | . . . . Melee . | . . . . Ramming . | . . . . Kinetic 674 | . 126 105 443 Thermal 615 | . 210 223 182 Explosive . | . . . . Electromagnetic . | . . . . Impact . | . . . . Slashing . | . . . . Piercing . | . . . . Highest Corruption 1 | . . 1 1 Average Corruption 1 | . . 1 1 Corruption Purged . | . . . . Corruption Blocked . | . . . . Effects 11 | . . 6 5 Matter Fused 5 | . . 5 . Energy Discharges 3 | . . 1 2 Data Loss (major) 1 | . . . 1 Weapon Failures 2 | . . . 2 Overload Shots . | . . . . Overflow Damage . | . . . . Projectiles . | . . . . Explosions . | . . . . Melee . | . . . . Knockbacks 3 | . . . 3 Impact . | . . . . Kinetic 2 | . . . 2 Secondary 1 | . . . 1 Self-Inflicted Damage . | . . . . Shots . | . . . . Rammed . | . . . . Targets Rammed . | . . . . Kicked . | . . . . Crushed . | . . . . Highest Temperature 172 | . 124 172 . Average Temperature 42 | . 34 48 . Received Heat Transfer 168 | . 84 . 84 Siege Activations . | . . . . Robots Corrupted . | . . . . Combat Hostiles . | . . . . Parts Fried . | . . . . Impact Corruptions . | . . . . Robots Melted . | . . . . Combat Hostiles . | . . . . Parts Melted . | . . . . Heat Transferred 2146 | . 999 703 444 Parts Sabotaged . | . . . . Parts Stolen . | . . . . Parts Stripped . | . . . . Power Chain Reactions . | . . . . Missiles Intercepted . | . . . . Alert | -11 -10 -10 -10 ------- Run | Yrd Mat Min Sub Peak Influence 134 | . 134 78 . Initial 19 | . . 19 . Average 23 | . 39 18 . Maximum Alert Level . | . . . . Low Security (%) 100 | 100 100 100 . Level 1 . | . . . . Level 2 . | . . . . Level 3 . | . . . . Level 4 . | . . . . Level 5 . | . . . . High Security . | . . . . Max Security . | . . . . Squads Dispatched 3 | . 3 . . Investigation 1 | . 1 . . Extermination . | . . . . Reinforcement 2 | . 2 . . Assault . | . . . . Garrison . | . . . . Intercept . | . . . . Searches Triggered . | . . . . Construction Impeded . | . . . . Haulers Reinforced . | . . . . Active Scanning Responses . | . . . . Cargo Convoy Interrupts . | . . . . Stealth | -11 -10 -10 -10 --------- Run | Yrd Mat Min Sub Distress Signals . | . . . . Communications Jammed . | . . . . Distress Signals . | . . . . Times Spotted 34 | . 12 10 12 Peak Tracking Total 6 | . 3 2 6 Tactical Retreats 1 | . . . 1 Traps | -11 -10 -10 -10 ------- Run | Yrd Mat Min Sub Traps Triggered 1 | . 1 . . Indirectly . | . . . . Trap Hack Attempts . | . . . . Triggered . | . . . . Disarmed . | . . . . Reprogrammed . | . . . . Reused . | . . . . Traps Extracted . | . . . . Installed . | . . . . Triggered . | . . . . Machines | -11 -10 -10 -10 ---------- Run | Yrd Mat Min Sub Machines Disabled 1 | . . 1 . Max in Single Turn 1 | . . 1 . Machines Repaired . | . . . . Machines Dismantled . | . . . . Machines Sabotaged . | . . . . Overloaded Fab Kills . | . . . . Hacking | -11 -10 -10 -10 --------- Run | Yrd Mat Min Sub Machines Accessed 5 | . 4 1 . Terminals 5 | . 4 1 . Fabricators . | . . . . Repair Stations . | . . . . Recycling Units . | . . . . Scanalyzers . | . . . . Garrison Access . | . . . . Total Hacks 14 | . 12 2 . Successful 7 | . 7 . . Failed 7 | . 5 2 . Catastrophic . | . . . . Database Lockouts . | . . . . Manual 10 | . 8 2 . Terminals 14 | . 12 2 . Fabricators . | . . . . Repair Stations . | . . . . Recycling Units . | . . . . Scanalyzers . | . . . . Garrison Access . | . . . . Terminal Hacks 5 | . 5 . . Unreport Threat 1 | . 1 . . Locate Traps 2 | . 2 . . Hauler Manifests 1 | . 1 . . Zone Layout 1 | . 1 . . Fabricator Hacks . | . . . . Repair Station Hacks . | . . . . Recycling Unit Hacks . | . . . . Scanalyzer . | . . . . Garrison Access Hacks . | . . . . Unauthorized Hacks 2 | . 2 . . Terminals 2 | . 2 . . Botnet 2 | . 2 . . Fabricators . | . . . . Repair Stations . | . . . . Recycling Units . | . . . . Scanalyzers . | . . . . Garrison Access . | . . . . Data Cores Recovered . | . . . . Used . | . . . . Hacking Detections 4 | . 3 1 . Full Trace Events . | . . . . Feedback Events . | . . . . Feedback Blocked . | . . . . Robot Schematics Acquired . | . . . . Robots Built . | . . . . Authchips . | . . . . Time . | . . . . Total Robot Build Rating . | . . . . Part Schematics Acquired . | . . . . Parts Built . | . . . . Authchips . | . . . . Time . | . . . . Total Part Build Rating . | . . . . Parts Repaired . | . . . . Time . | . . . . Parts Recycled . | . . . . Recycled Matter . | . . . . Retrieved Matter . | . . . . Retrieved Components . | . . . . Parts Scanalyzed . | . . . . Part Schematics Acquired . | . . . . Parts Damaged . | . . . . Bothacking | -11 -10 -10 -10 ------------ Run | Yrd Mat Min Sub Used RIF Installer . | . . . . Robots Hacked . | . . . . Non-combat . | . . . . Combat . | . . . . Robot Hacks Applied . | . . . . Relay Couplers Released . | . . . . Fabnet Peak Effective % . | . . . . Robots Rewired . | . . . . Allies Hacked . | . . . . Hacks Repelled . | . . . . Allies | -11 -10 -10 -10 -------- Run | Yrd Mat Min Sub Total Allies 4 | . . 4 . Largest Group 4 | . . 4 . Highest-Rated Group 71 | . . 71 . Highest-Rated Ally 31 | . . 31 . Total Orders . | . . . . Ally Attacks 21 | . . 21 . Total Damage 215 | . . 215 . Kills 5 | . . 5 . Allies Corrupted . | . . . . Allies Melted . | . . . . Intel | -11 -10 -10 -10 ------- Run | Yrd Mat Min Sub Robot Analysis Total . | . . . . Derelict Logs Recovered 2 | . . 1 1 Drone Launches . | . . . . Drone Recoveries . | . . . . Exploration | -11 -10 -10 -10 ------------- Run | Yrd Mat Min Sub Turns Passed 2617 | 47 473 1136 961 Spaces Moved 1446 | 39 326 490 591 Core 9 | 9 . . . Treads 287 | 1 . 280 6 Legs . | . . . . Wheels 1150 | 29 326 210 585 Hover . | . . . . Flight . | . . . . Fastest Speed 50 | 50 95 110 95 Average Speed 120 | 87 106 138 114 Slowest Speed 160 | 160 110 160 160 Overloaded Moves . | . . . . Propulsion Burnouts . | . . . . Robots Hopped . | . . . . Cave-ins Triggered . | . . . . Exploration Rate (%) 44 | 4 41 93 39 Regions Visited 3 Branch Regions 2 Pre-discovered Areas . | . . . . Known Exits Taken . | . . . . Unknown Exits Taken 3 | 1 1 1 . Scrap Searched 8 | . . 1 7 Spaces Dug 5 | . . . 5 Terrain Destroyed 10 | . . . 10 Melee . | . . . . Projectile 10 | . . . 10 AOE . | . . . . Terrain Rammed . | . . . . Walls Destroyed . | . . . . Machines Disabled . | . . . . Actions | -11 -10 -10 -10 --------- Run | Yrd Mat Min Sub Total 2124 | 48 410 899 767 Wait 434 | . 41 350 43 Move 1443 | 38 325 489 591 Hop . | . . . . Pick Up 38 | 4 12 8 14 Fast Attach 12 | 6 1 2 3 Attach 3 | . . 2 1 Detach . | . . . . Swap 15 | . 3 6 6 Drop 35 | . 4 10 21 Fire 140 | . 24 32 84 Melee . | . . . . Ram . | . . . . Kick . | . . . . Crush . | . . . . Escape Stasis . | . . . . Rewire . | . . . . Trap . | . . . . Miscellaneous 4 | . . . 4 Route ------- -11/Scrapyard -10/Materials (discovered 3 exits: [*Mat x2] / *Min) -10/Mines (discovered 3 exits: [*Mat x2] / [*Sub]) -10/Subcaves (discovered 1 exit: [*Mat]) History --------- Turn | Location | Event 17 | -11/Scrapyard | Discovered new exit (range 15) 48 | -11/Scrapyard | Entered Materials 148 | -10/Materials | Discovered new exit (range 10) 207 | -10/Materials | Discovered new exit (range 6) 305 | -10/Materials | Build established: Mutant 369 | -10/Materials | Discovered new exit (range 13) 521 | -10/Materials | Entered Mines 542 | -10/Mines | Assembled infested the area 576 | -10/Mines | Assisted by bots powering up and referring to "LRC-V3" 597 | -10/Mines | Learned 2 Materials zone layouts 636 | -10/Mines | Received a Mining Laser from a helpful Derelict 998 | -10/Mines | Core integrity fell below 50% 1041 | -10/Mines | Discovered new exit (range 9) 1164 | -10/Mines | A weapon hastily lodged in a ceiling crevice suddenly fell to the ground 1225 | -10/Mines | Discovered new exit (range 7) 1649 | -10/Mines | Discovered new exit (range 6) 1657 | -10/Mines | Entered Subcaves 1868 | -10/Subcaves | Shifting Twisted Machinery released Riot Gun 1880 | -10/Subcaves | Discovered new exit (range 8) 1883 | -10/Subcaves | Learned 4 Materials zone layouts 1997 | -10/Subcaves | Build established: Subdweller-Mutant 2184 | -10/Subcaves | A swath of the cavern ceiling suddenly collapsed 2216 | -10/Subcaves | Shifting Twisted Machinery released Riot Gun 2248 | -10/Subcaves | Shifting Twisted Machinery released Riot Gun 2487 | -10/Subcaves | Core integrity fell below 20% 2618 | -10/Subcaves | Destroyed by WH-ST6(R) with Subdweller Beam Cannon Last Messages --------------- 02464_ Critical hit (Destroy). 02467_ System corrupted: Energy discharge (-100). 02474_ Destroyed Flight Unit. 02474_ S-10 Pest knocked back. 02474_ S-10 Pest destroyed. 02475_ Flight Unit fries itself beyond repair. 02477_ S-10 Pest destroyed. 02478_ Lgt. Ion Engine fries itself beyond repair. 02478_ Lgt. Assault Rifle fries itself beyond repair. 02479_ Flight Unit fries itself beyond repair. 02481_ Lgt. Ion Engine fries itself beyond repair. 02486_ Destroyed Flight Unit. 02489_ S-10 Pest knocked back. 02497_ Critical hit (Destroy). 02498_ S-10 Pest destroyed. 02501_ Dropped Scrap Shield Fragment. 02502_ Scrap Shield Fragment affixed to Scrap Shield (+49). 02503_ Dropped Scrap Shield Fragment. 02503_ Scrap Shield Fragment affixed to Scrap Shield (+45). 02583_ System corrupted: Energy discharge (-72). Map ----- +----------------------------------------------------+ | #?####?###### ##?## #? | | ###???#### ##### ### ## | | #??## ##???# ### ## | | #??# ##??## ##?## ## | | ##?# ### ###???## | | ### ## ## ##??????## | | ## ### ## #????????# | | # #### ### ##???????# | | # ###### #### ##??????# | | #?## ## ##?????## | | " #### "#?## ## ##?????## | | " #???# ""#??# ######?# | | " ###???? " #?## ## ### % | | " ##??????#"" #?# % | | "## #??????### #?# ## ## # | | ["##""##????## ## #?# ## ### ## | | ""## " #???##""###### ### ## ####? | | ""## " #####" " ### ### ### ######???? | | ""#""""##" " "" ##?## ## ##?####????????? | | """"""""" " #"# ###??## ### #???????????????? | | ""#""""" "" """" #???# #?# #????????????????? | | ""# " ###""""" ##??## #####?????????????????? | | " [##?####""" #??# ##???????????????????? | | # " #????# #??## #???????????????????? | | #####" " #????# ##??#; ##???????????????????? | | ????### #????## #???# @###????????????????????? | | ??????####?????####???## #??????????????????????? | | ???????????????????????#%R#?????????? #?????????? | | ???????????????????????# ###???? #?????????? | | ??????????????????????##% #"# ???????? | | ??????????????????????# $ ???????? | | ??????????????????????# # ???????? | | ??????????????????????# ### ##" " #??????????? | | ??????????????????????# #??##???##" #??????????? | | ??????????????????????####???????????????????????? | | ?????????????????????????????????????????????????? | | ?????????????????????????????????????????????????? | | ?????????????????????????????????????????????????? | | ?????????????????????????????????????????????????? | | ?????????????????????????????????????????????????? | | ?????????????????????????????????????????????????? | | ?????????????????????????????????????????????????? | | ?????????????????????????????????????????????????? | | ?????????????????????????????????????????????????? | | ?????????????????????????????????????????????????? | | ?????????????????????????????????????????????????? | | ?????????????????????????????????????????????????? | | ?????????????????????????????????????????????????? | | ?????????????????????????????????????????????????? | | ?????????????????????????????????????????????????? | +----------------------------------------------------+ Best States ------------- Heat Dissipation 39 Energy Generation 10 Energy Capacity 250 Matter Stores 300 Matter Capacity 300 Sight Range 16 Terrain Scan Density 10 Armor Coverage 800 Evasion (%) 44 Recoil Reduction 2 Item Schematics ----------------- None Robot Schematics ------------------ None Fabricated ------------ Nothing Alien Tech Used ----------------- None Achievements -------------- None Challenges ------------ None Game ------ Seed DisruptorFireNullifier Manual? 0 Play Time 00:18:06 Cumulative 1320.7 hours Start 2023.12.22 @ 16:26:42 End 2023.12.22 @ 16:47:01 Sessions 1 Manual Loads 0 Difficulty Rogue Special Mode None Game No. 961 Rogue 921 Adventurer 40 Explorer 0 Win Type - Total 161 Types 77/7/52/2/1/4/15/2/1 Lore% 93 Gallery% 96 Achievement% 86 Wizard Run 0 Options --------- ASCII 0 Keyboard 0 Movement Numpad Keybinds 0 Fullscreen 0 Font 20/Terminus Map View 76x50 Zoom Use 0% Tactical HUD 1 Map Filters NONE Filters NONE Steam 1 RUN: b50293fb-f283-4a9b-842a-d1ae21253fb9